 Dungeon Crawl Stone Soup version 0.20-a0-495-g2241292 (webtiles) character file.

599 Duffy the Chopper (level 7, -2/57 HPs)
             Began as a Centaur Fighter on Jan 18, 2017.
             Slain by an ogre
             ... wielding a +0 giant club
              (18 damage)
             ... on level 4 of the Dungeon.
             The game lasted 00:04:14 (3991 turns).

Duffy the Chopper (Centaur Fighter)                 Turns: 3991, Time: 00:04:15

Health: -2/57      AC: 11    Str: 20    XL:     7   Next: 17%
Magic:  7/7        EV:  4    Int:  7    God:
Gold:   232        SH:  9    Dex:  9    Spells: 6/6 levels left

rFire    . . .     SeeInvis .   a - +0 war axe
rCold    . . .     Gourm    .   y - +0 chain mail
rNeg     . . .     Faith    .   c - +0 shield
rPois    .         Spirit   .   z - +0 helmet
rElec    .         Reflect  .   r - +0 cloak
rCorr    .         Harm     .   h - +0 pair of gloves (curse)
MR       .....                  (no barding)
Stlth    ..........             x - amulet of regeneration
Regen    0.6/turn               (no ring)
                                (no ring)

@: very quick
A: hooves 3, deformed body, speed 2, tough skin 3
a: no special abilities


You were on level 4 of the Dungeon.
You were not hungry.

You visited 1 branch of the dungeon, and saw 4 of its levels.

You collected 232 gold pieces.

Inventory:

Hand Weapons
 a - a +0 war axe (weapon)
 b - a +0 dagger of venom
 m - a +0 trident of venom
Armour
 c - a +0 shield (worn)
 h - a cursed +0 pair of gloves (worn)
 r - a +0 cloak (worn)
 y - a +0 chain mail (worn)
 z - a +0 helmet (worn)
Jewellery
 x - an amulet of regeneration (around neck)
Scrolls
 e - 3 scrolls of identify {unknown}
 g - a scroll of noise {unknown}
 i - a scroll of teleportation {unknown}
 n - 2 scrolls of enchant armour {unknown}
 o - a scroll of recharging {unknown}
 u - 5 scrolls of remove curse {unknown}
 w - a scroll of blinking {unknown}
 B - a scroll of amnesia {unknown}
Potions
 d - a potion of might
 j - a potion of flight {unknown}
 k - a potion of agility {unknown}
 l - 2 potions of heal wounds {unknown}
 p - a potion of brilliance {unknown}
 s - 2 potions of mutation {unknown}
 t - 4 potions of curing
 v - a potion of haste {unknown}
Comestibles
 f - 3 bread rations
 q - 3 beef jerkies
 A - 3 chunks of flesh
 C - a meat ration


   Skills:
 - Level 3.0 Fighting
 + Level 5.3 Axes
 - Level 2.1 Armour
 + Level 4.6 Shields


You had 6 spell levels left.
You didn't know any spells.

Dungeon Overview and Level Annotations

Branches:
Dungeon (4/15)
 Temple: D:4-7

Altars:

Annotations:
D:3 Grinder


Innate Abilities, Weirdness & Mutations

You have hooves in place of feet.
Armour fits poorly on your strangely shaped body.
You cover ground very quickly.
You have extremely tough skin. (AC +3)


Message History

There is an open door here.
You open the door.
There is an open door here.
Some of the chunks of flesh in your inventory have rotted away.
There is an open door here.
You open the door.
There is an open door here.
You now have 232 gold pieces (gained 10).
There is an open door here.
An ogre comes into view. It is wielding a giant club.
The ogre shouts!
An ogre is nearby!
An ogre is nearby!
You hit the ogre.
The ogre is lightly wounded.
The ogre hits you with a giant club!
Your shield and chain mail prevent you from hitting the ogre.
The ogre is lightly wounded.
The ogre hits you with a giant club!! x2
You die...

........#.......# #.8...8...8..
........#.......# #...#...#...#
##########....########.###.###.##
.......###....#.........#...#...#
.......#......#.......8...8...8.#
.......'=.....#.........#...#...#
[......#......'........###.###.##
....)..#..#####.........#...#...#
.##########.....@.....8...8...8.#
.# #.....O...............# .#
#..................#### .#
#..............##### .#
#..............# .#
#..............# ##
#..............# #..............#
.........


You could see an ogre.

Vanquished Creatures
  Sigmund (D:4)
  A phantom (D:4)
  A hound (D:4)
  A centaur skeleton (D:4)
  Terence (D:2)
  3 worker ants (D:4)
  Robin (D:3)
  7 adders
  3 gnolls (D:3)
  3 worms
  3 dart slugs
  3 leopard geckos
  12 orcs
  3 ball pythons
  4 giant cockroaches
  9 hobgoblins
  2 jackals (D:2)
  8 kobolds
  A ball python skeleton (D:4)
  4 bats
  3 frilled lizards
  11 goblins
  10 rats
95 creatures vanquished.

Notes
Turn   | Place    | Note
-------+----------+-------------------------------------------
     0 | D:1      | Duffy the Centaur Fighter began the quest for the Orb.
     0 | D:1      | Reached XP level 1. HP: 19/19 MP: 1/1
    85 | D:1      | Reached skill level 2 in Axes
   164 | D:1      | Reached XP level 2. HP: 26/26 MP: 2/2
  1007 | D:2      | Reached XP level 3. HP: 26/31 MP: 3/3
  1119 | D:2      | Noticed Terence
  1141 | D:2      | Killed Terence
  1141 | D:2      | Reached skill level 3 in Axes
  1141 | D:2      | Reached XP level 4. HP: 30/38 MP: 4/4
  2368 | D:3      | Reached XP level 5. HP: 45/45 MP: 5/5
  2958 | D:3      | Noticed Robin
  3024 | D:3      | Killed Robin
  3024 | D:3      | Reached skill level 4 in Axes
  3080 | D:3      | Noticed Grinder
  3221 | D:4      | Noticed a phantom
  3293 | D:4      | Killed a phantom
  3293 | D:4      | Reached XP level 6. HP: 33/51 MP: 6/6
  3327 | D:4      | Noticed Sigmund
  3343 | D:4      | Killed Sigmund
  3343 | D:4      | Reached skill level 5 in Axes
  3443 | D:3      | Paralysed by Grinder for 6 turns
  3591 | D:4      | Reached XP level 7. HP: 45/57 MP: 7/7
  3991 | D:4      | Slain by an ogre

Vault maps used:
D:1:      saegor_arrival_under_anarchy
D:2:      serial_bayou_pond_a, uniq_terence
D:3:      feat_on_display, uniq_robin, uniq_grinder
D:4:      minmay_misc_feat_four_crosses, uniq_sigmund

Skill      XL: |  1  2  3  4  5  6 |
---------------+-------------------+-----
Axes           | 2 3 4 5 |  5.3
Shields        | 3 4 |  4.6
Fighting       | |  3.0
Armour         | |  2.1

Action                   |  1- 3 |  4- 6 |  7- 9 || total
-------------------------+-------+-------+-------++-------
Melee: War axe           |    72 |   240 |    23 ||   335
       Kick              |    11 |    50 |     5 ||    66
  Use: Potion            |       |     1 |       ||     1
  Eat: Chunk             |       |     7 |     1 ||     8
Armor: Scale mail        |    35 |    81 |       ||   116
       Chain mail        |       |    50 |    19 ||    69
Dodge: Dodged            |    16 |    46 |     5 ||    67
Block: Shield            |    31 |   121 |    17 ||   169
